 Seeded DCSS version 0.29.1-12-g30fa7ad0bf (webtiles) character file.

Game seed: 18334199546629406935 (custom seed)

140 mathmaestro the Grave Robber (level 5, -3/39 HPs)
             Began as a Demonspawn Necromancer on Dec 16, 2022.
             Slain by a bullfrog (8 damage)
             ... in a sewer.
             The game lasted 00:06:47 (2219 turns).

mathmaestro the Grave Robber (DsNe)                 Turns: 2219, Time: 00:06:48

Health: -3/39      AC:  4    Str: 14    XL:     5   Next: 2%
Magic:  0/8        EV: 12    Int: 19    God:
Gold:   95         SH:  0    Dex: 13    Spells: 1/9 levels left

rFire   . . .      SeeInvis .   j - +4 whip
rCold   . . .      Faith    .   (no shield)
rNeg    . . .      Spirit   .   a - +0 robe
rPois   .          Reflect  .   (helmet restricted)
rElec   .          Harm     .   (no cloak)
rCorr   .          Rampage  .   l - +0 pair of gloves
Will    .....                   (no boots)
Stlth   ++........              (no amulet)
HPRegen 0.13/turn               g - +6 ring of strength
MPRegen 0.11/turn               o - ring of flight

@: about to teleport, flying
A: antennae 1, rugged brown scales 1
a: no special abilities


You were in a sewer.
You visited 1 branch of the dungeon, and saw 3 of its levels.
You also visited: Sewer.

You collected 95 gold pieces.

Inventory:

Hand Weapons
 j - a +4 whip (weapon)
Armour
 a - a +0 robe (worn)
 l - a +0 pair of gloves (worn)
Jewellery
 g - a +6 ring of strength (left hand)
 o - a ring of flight (right hand)
Scrolls
 e - 3 scrolls of identify {unknown}
 f - a scroll of immolation {unknown}
 k - 2 scrolls of teleportation
 n - a scroll of poison {unknown}
 p - a scroll of magic mapping {unknown}
 q - a scroll of fog {unknown}
 r - a scroll of blinking {unknown}
Potions
 b - a potion of magic
 c - a potion of curing {unknown}
 d - 2 potions of attraction {unknown}
 h - 2 potions of haste {unknown}
 i - 2 potions of might {unknown}
 m - a potion of flight {unknown}
 s - a potion of cancellation {unknown}


   Skills:
 + Level 1.6 Fighting
 + Level 1.2 Armour
 + Level 2.5 Dodging
 + Level 2.5 Stealth
 + Level 2.6 Spellcasting
 + Level 5.0 Necromancy


You had one spell level left.
You knew the following spells:

 Your Spells              Type           Power      Damage    Failure   Level
a - Necrotise             Necr           84%        1d8       1%          1
b - Vampiric Draining     Necr           21%        2d7       6%          3
c - Animate Dead          Necr           21%        N/A       21%         4

Your spell library contained the following spells:

 Spells                   Type           Power      Damage    Failure   Level
 Slow                     Hex            8%         N/A       16%         1
 Confusing Touch          Hex            2%         N/A       43%         3
 Agony                    Necr           21%        N/A       50%         5


Dungeon Overview and Level Annotations

Branches:
Dungeon (3/15)              Sewer (1/1)

Altars:


Innate Abilities, Weirdness & Mutations

You have a pair of small antennae on your head.
You are partially covered in rugged brown scales. (AC +1, +3% HP)


Message History

The ball python writhes in agony.
You kill the ball python!
The dead are slithering!
Your adder skeleton crumbles into dust!
The bullfrog hits your ball python skeleton.
Unknown command.
The bullfrog hits your ball python skeleton!
Your ball python skeleton is destroyed!
Casting: Necrotise (safe; 1% risk of failure)
Confirm with . or Enter, or press ? or * to list all spells.
Aiming: Necrotise (safe; 1% risk of failure)
Press: ? - help, Shift-Dir - straight line, f - bullfrog
Aim: a bullfrog (water, chance to affect: 80%)
The bullfrog writhes in agony!
The bullfrog hits you. The ball python closely misses you.
The ball python misses you. The bullfrog hits you.
The bullfrog hits you but does no damage.
The bullfrog attacks as you move away!
The bullfrog hits you but does no damage. x2
Your magical contamination has completely faded away.
Casting: Necrotise (safe; 1% risk of failure)
Confirm with . or Enter, or press ? or * to list all spells.
Aiming: Necrotise (safe; 1% risk of failure)
Press: ? - help, Shift-Dir - straight line, f/p - bullfrog
Aim: a bullfrog (moderately wounded, chance to affect: 80%)
The bullfrog writhes in agony.
The bullfrog hits you! The adder bites you. The bullfrog hits you. x2
* * * LOW HITPOINT WARNING * * *
Unknown command.
As you read the scroll labelled QOHICSYIMA, it crumbles to dust.
You feel strangely unstable.
It was a scroll of teleportation.
The bullfrog barely misses you. x2; The adder bites you.
* * * LOW HITPOINT WARNING * * *
The bullfrog completely misses you. The ball python closely misses you.
The ball python grabs you. The ball python constricts you.
You escape the ball python's grasp.
The bullfrog attacks as you move away! The bullfrog hits you.
* * * LOW HITPOINT WARNING * * *
The bullfrog attacks as you move away! The bullfrog hits you!
You die...

# ###################
...#~≈≈≈≈~SS≈≈≈≈≈≈≈..###
....~≈≈~#~F@~≈~≈~≈~~...##
....†~≈~~≈F≈≈~~~~~~~....#
....#~~~~~≈≈~~~~~~~~....#
....~≈≈~~≈≈≈≈≈~≈≈~≈.....##
....~≈≈≈≈≈≈≈≈≈≈≈≈≈~......#
+####################....#
##...## #....# +....#


You could see 2 bullfrogs, an adder and a ball python.

Vanquished Creatures
  4 gnolls (D:2)
  A river rat (Sewer)
  2 adders (Sewer)
  4 endoplasms
  A giant cockroach (D:1)
  3 hobgoblins
  2 quokkas
  16 ball pythons
  4 bats
  A frilled lizard (Sewer)
  4 kobolds
  20 rats
62 creatures vanquished.

Vanquished Creatures (collateral kills)
  An adder (Sewer)
  A worm (D:3)
  2 ball pythons (D:3)
  A frilled lizard (Sewer)
  7 rats (Sewer)
12 creatures vanquished.

Grand Total: 74 creatures vanquished

Notes
Turn   | Place    | Note
-------+----------+-------------------------------------------
     0 | D:1      | mathmaestro the Demonspawn Necromancer began the quest for
                  | the Orb.
     0 | D:1      | Reached XP level 1. HP: 13/13 MP: 3/3
   301 | D:1      | Gained mutation: You are partially covered in rugged brown
                  | scales. (AC +1, +3% HP) [demonic ancestry]
   301 | D:1      | Reached XP level 2. HP: 13/20 MP: 5/5
  1258 | D:2      | Reached XP level 3. HP: 25/25 MP: 0/6
  1290 | D:2      | Reached skill level 1 in Fighting
  1407 | D:2      | Reached skill level 1 in Armour
  1458 | D:2      | Learned a level 3 spell: Vampiric Draining
  1601 | D:2      | Gained mutation: You have a pair of small antennae on your
                  | head. [demonic ancestry]
  1601 | D:2      | Reached XP level 4. HP: 32/32 MP: 7/7
  1883 | D:3      | Found a glowing drain.
  1900 | Sewer    | Entered a sewer
  2184 | Sewer    | Reached skill level 5 in Necromancy
  2184 | Sewer    | Reached XP level 5. HP: 38/38 MP: 0/8
  2189 | Sewer    | Learned a level 4 spell: Animate Dead
  2219 | Sewer    | Slain by a bullfrog

Illustrated notes

Levels and vault maps discovered:
D:1:      shiori_shiawase, layout_loops_ring, st_stairs_7
D:2:      layout_basic, minmay_large_rounded_square
D:3:      layout_basic, portal_sewer_entry_a, hellmonk_ecumenical_altar_blasted
Sewer:    sewer_minmay_w

Skill      XL: |  1  2  3  4 |
---------------+-------------+-----
Stealth        | 2 |  2.5
Dodging        | 2 |  2.5
Fighting       | 1 |  1.6
Armour         | 1 |  1.2
Necromancy     | 5 |  5.0
Spellcasting   | |  2.6

Action                   |  1- 3 |  4- 6 || total
-------------------------+-------+-------++-------
Melee: Whip              |    42 |    16 ||    58
 Cast: Necrotise         |    37 |    38 ||    75
  Use: Scroll            |       |     1 ||     1
 Stab: Sleeping          |     5 |     1 ||     6
Armor: Robe              |     7 |    13 ||    20
Dodge: Dodged            |    29 |    36 ||    65
